 Dungeon Crawl Stone Soup version 0.18.1-48-g4cf74bf (webtiles) character file.

11 Melfield the Skirmisher (level 2, -7/25 HPs)
             Began as a Formicid Abyssal Knight on Aug 11, 2016.
             Was an Initiate of Lugonu.
             Mangled by a gnoll
             ... wielding a +0 halberd
              (10 damage)
             ... on level 2 of the Dungeon.
             The game lasted 00:02:48 (602 turns).

Melfield the Skirmisher (Formicid Abyssal Knight)    Turns: 602, Time: 00:02:49

Health: -7/25      AC:  8    Str: 16    XL:     2   Next: 40%
Magic:  3/3        EV:  7    Int: 11    God:    Lugonu [......]
Gold:   15         SH:  0    Dex: 10    Spells: 0 memorised, 1 level left

rFire  . . .     SeeInvis +     a - +1 hand axe
rCold  . . .     Gourm    .     g - +0 chain mail
rNeg   . . .     Faith    .     (no shield)
rPois  .         Spirit   .     (helmet unavailable)
rElec  .         Dismiss  .     (no cloak)
rCorr  .         Reflect  .     (no gloves)
SustAt .         Harm     .     (no boots)
MR     .....                    (no amulet)
Stlth  ..........               (no ring)
                                (no ring)

@: not resistant to hostile enchantments, extremely unstealthy
A: permanent stasis, dig shafts and tunnels, four strong arms, antennae 3
a: Dig, Shaft Self, Renounce Religion


You were on level 2 of the Dungeon.
You worshipped Lugonu.
Lugonu was noncommittal.
You were not hungry.

You visited 1 branch of the dungeon, and saw 2 of its levels.
You visited the Abyss 1 time.

You collected 15 gold pieces.

Inventory:

Hand Weapons
 a - a +1 hand axe (weapon)
Armour
 b - a +0 leather armour
 g - a +0 chain mail (worn)
Scrolls
 d - 2 scrolls of magic mapping {unknown}
 e - 2 scrolls of identify {unknown}
 i - 2 scrolls of recharging {unknown}
Potions
 f - 2 potions of heal wounds {unknown}
Comestibles
 c - a bread ration
 h - a meat ration


   Skills:
 + Level 3.8 Fighting
 + Level 2.0 Axes
 + Level 2.3 Armour
 + Level 1.1 Dodging
 + Level 2.2 Invocations


You had one spell level left.
You didn't know any spells.

Dungeon Overview and Level Annotations

Branches:
Dungeon (2/15)

Altars:


Innate Abilities, Weirdness & Mutations

You are under a permanent stasis effect.
You can dig through walls and to a lower floor.
Your four strong arms can wield two-handed weapons with a shield.
You have a pair of large antennae on your head (SInv).


Message History

You see here a scroll labeled YSUUMOSHROV.
The gnoll hits you from afar with a halberd!
* * * LOW HITPOINT WARNING * * *
The gnoll barely misses you.
The giant cockroach bites you but does no damage.
The gnoll barely misses you. x2; The gnoll closely misses you.
The giant cockroach barely misses you. The giant cockroach closely misses you.
The gnoll closely misses you.
The giant cockroach bites you but does no damage.
The giant cockroach bites you.
* * * LOW HITPOINT WARNING * * *
The giant cockroach waves its antennae.
The giant cockroach closely misses you.
The giant cockroach bites you but does no damage.
Found a scroll labeled PEF CUGANU.
The giant cockroach closely misses you.
An adder comes into view.
The giant cockroach bites you but does no damage.
The gnoll hits you from afar with a halberd!
You die...

#..# #..# ###?.# ...S
..... ### #.#.#### ..##
#.#....# ?..#####
#.#@...# # ........
#.#.s..##.# g..#####
#.gg......##
.g############..........#
.g...........g..........#
#################...###.#
#...# # #...# ###.#


You could see 3 gnolls, an adder and a giant cockroach.

Vanquished Creatures
  An ooze (D:1)
  A dart slug (D:1)
  A bat (D:2)
  A hobgoblin (D:1)
  2 rats (D:2)
6 creatures vanquished.

Notes
Turn   | Place    | Note
--------------------------------------------------------------
     0 | Abyss:1  | Melfield the Formicid Abyssal Knight began the quest for the Orb.
     0 | Abyss:1  | Reached XP level 1. HP: 18/18 MP: 2/2
    70 | Abyss:1  | Noticed a shadow wraith
    70 | Abyss:1  | Noticed a shadow wraith
    71 | Abyss:1  | Noticed a wind drake
    78 | D:1      | Escaped the Abyss
   466 | D:1      | Reached skill level 1 in Dodging
   466 | D:1      | Reached XP level 2. HP: 23/25 MP: 3/3
   602 | D:2      | Mangled by a gnoll

Skill      XL: |  1 |
---------------+----+-----
Dodging        | 1 |  1.1
Fighting       | |  3.8
Axes           | |  2.0
Armour         | |  2.3
Invocations    | |  2.2

Action                   || total
-------------------------++-------
Melee: Hand axe          ||    16
Invok: Depart the Abyss  ||     1
 Abil: Dig               ||     3
Armor: Leather armour    ||     3
       Chain mail        ||    13
Dodge: Dodged            ||    17
